 Dungeon Crawl Stone Soup version 0.23.2-1-ga50397a6bc (webtiles) character file.

Game seed: 313520779252512664

30 Aksej the Ducker (level 3, -2/28 HPs)
             Began as a Demonspawn Gladiator on Apr 25, 2019.
             Slain by a worm (7 damage)
             ... on level 2 of the Dungeon.
             The game lasted 00:02:34 (1023 turns).

Aksej the Ducker (Demonspawn Gladiator)             Turns: 1023, Time: 00:02:35

Health: -2/28      AC:  4    Str: 16    XL:     3   Next: 3%
Magic:  3/3        EV: 13    Int:  9    God:
Gold:   76         SH:  0    Dex: 17    Spells: 2/2 levels left

rFire    . . .     SeeInvis .   a - +0 long sword
rCold    . . .     Gourm    .   (no shield)
rNeg     . . .     Faith    .   b - +0 leather armour
rPois    .         Spirit   .   c - +0 helmet
rElec    .         Reflect  .   (no cloak)
rCorr    .         Harm     .   (no gloves)
MR       .....     Rnd*Tele +   (no boots)
Stlth    ++........             (no amulet)
HPRegen  0.09/turn              (no ring)
MPRegen  0.08/turn              (no ring)

@: no status effects
A: claws 1, thin skeletal structure 1, demonic guardian 1, strong 1,
teleportitis 1
a: no special abilities


You were on level 2 of the Dungeon.
You were hungry.

You visited 1 branch of the dungeon, and saw 2 of its levels.

You collected 76 gold pieces.

Inventory:

Hand Weapons
 a - a +0 long sword (weapon)
Missiles
 d - 2 throwing nets (quivered)
Armour
 b - a +0 leather armour (worn)
 c - a +0 helmet (worn)
Potions
 e - 3 potions of brilliance
Comestibles
 f - 4 rations
 g - a chunk of flesh


   Skills:
 * Level 2.3 Fighting
 + Level 3.0 Long Blades
 + Level 1.9 Throwing
 + Level 3.2 Dodging


You had 2 spell levels left.
You didn't know any spells.
Your spell library was empty.

Dungeon Overview and Level Annotations

Branches:
Dungeon (2/15)

Altars:


Innate Abilities, Weirdness & Mutations

You have a somewhat thin skeletal structure. (Dex +2, Stealth)
A weak demonic guardian rushes to your aid.
You have sharp fingernails.
Your muscles are strong. (Str +2)
You are occasionally teleported next to monsters.


Message History

The worm struggles against the net.
You are feeling hungry.
You hit the worm but do no damage.
The worm is moderately wounded.
The worm struggles against the net.
You catch the helpless worm completely off-guard!
You hit the worm.
The worm is moderately wounded.
The worm struggles against the net.
You catch the helpless worm completely off-guard!
You hit the worm.
The worm is moderately wounded.
You slash the worm!
The worm is almost dead.
The worm struggles against the net.
The net rips apart, and the worm comes free!
You barely miss the worm.
The worm is almost dead.
The worm bites you!
You die...

#...........#
..........######
#.)..##.......#
#....##.......#
#..............
##....##.......
#...........#
###.......w...#
.........@....#####
#...........%......#
#..................#
#..................#
#..................###
###.................#
##.....#####....)##
#.....#####.....#
...............#.. .


You could see a worm.

Vanquished Creatures
  A worm (D:2)
  2 leopard geckos (D:1)
  4 goblins
  4 hobgoblins (D:1)
  A quokka (D:2)
  4 bats (D:1)
  2 frilled lizards (D:1)
  3 kobolds
  3 rats
  A plant (D:1)
25 creatures vanquished.

Notes
Turn   | Place    | Note
-------+----------+-------------------------------------------
     0 | D:1      | Aksej the Demonspawn Gladiator began the quest for the Orb.
     0 | D:1      | Reached XP level 1. HP: 16/16 MP: 1/1
   297 | D:1      | Gained mutation: A weak demonic guardian rushes to your
                  | aid. [demonic ancestry]
   297 | D:1      | Reached XP level 2. HP: 22/22 MP: 2/2
   831 | D:1      | Gained mutation: You have large cloven feet. [potion of
                  | mutation]
   831 | D:1      | Gained mutation: Your flesh is heat resistant. (rF+)
                  | [potion of mutation]
   831 | D:1      | Gained mutation: Your mind is acute. (Int +2) [potion of
                  | mutation]
   832 | D:1      | Lost mutation: Your flesh is heat resistant. (rF+) [potion
                  | of mutation]
   832 | D:1      | Lost mutation: You have large cloven feet. [potion of
                  | mutation]
   832 | D:1      | Lost mutation: Your mind is acute. (Int +2) [potion of
                  | mutation]
   832 | D:1      | Gained mutation: You are occasionally teleported next to
                  | monsters. [potion of mutation]
   832 | D:1      | Gained mutation: You have sharp fingernails. [potion of
                  | mutation]
   832 | D:1      | Gained mutation: Your muscles are strong. (Str +2) [potion
                  | of mutation]
   999 | D:2      | Gained mutation: You have a somewhat thin skeletal
                  | structure. (Dex +2, Stealth) [demonic ancestry]
   999 | D:2      | Reached XP level 3. HP: 7/28 MP: 3/3
  1023 | D:2      | Slain by a worm

Skill      XL: |  1  2 |
---------------+-------+-----
Dodging        | 3 |  3.2
Long Blades    | 3 |  3.0
Fighting       | |  2.3
Throwing       | |  1.9

Action                   || total
-------------------------++-------
Melee: Long sword        ||    82
Throw: Throwing net      ||     2
  Use: Potion            ||     3
       Scroll            ||     2
 Stab: Sleeping          ||     1
       Held in net/web   ||     2
Armor: Leather armour    ||    16
Dodge: Dodged            ||    34
       Rpst.: Long sword ||    13
